AoeStats
← PNAL | Thorn

Arabia

510836900Analyzed
1v1 RM · 1d ago on Oct 2, 2026· 40m 35s· 2 players
Game mode
Random Map
Map size
Tiny (2 player)
Population
200
Speed
Normal
Resources
Standard
Victory
Conquest
Starting age
Dark Age
Ending age
Imperial Age
RankedLock teamsTeams togetherTeam positionsShared explorationLock speedFull tech treeHidden civsTurbo modeCheats
Victory
Defeat
🇦🇷 Teutons · Argentina
1313
+13
🇦🇷 Byzantines · Argentina
1244
-13
anaullo95
PNAL | Thorn
7:16 Loom
9:27 Feudal Age
10:09 Double-Bit Axe
11:55 Man-at-Arms
19:37 Castle Age
17:43 Horse Collar
18:13 Gold Mining
18:49 Scale Mail Armor
19:18 Forging
20:41 Chain Mail Armor
19:48 Long Swordsman
20:17 Arson
20:37 Squires
21:32 Bow Saw
21:58 Gambesons
23:34 Iron Casting
24:21 Wheelbarrow
23:32 Town Watch
24:04 Heavy Plow
28:20 Stone Mining
32:03 Imperial Age
31:01 Hand Cart
33:18 Plate Mail Armor
32:10 Two-Handed Swordsman
34:15 Blast Furnace
33:43 Champion
35:01 Fletching
35:39 Bodkin Arrow
36:08 Ballistics
36:49 Chemistry
36:16 Conscription
37:23 Two-Man Saw
37:09 Fervor
37:31 Town Patrol
38:13 Crop Rotation
Connection lost

Rejoining the realm…

Still unreachable

The connection could not be restored.

Session expired

The server has moved on; the page needs a fresh start.